 Dungeon Crawl Stone Soup version 0.27-a0-59-gfbafd837a3 (webtiles) character file.

Game seed: 6336912724110936333

693 Borgoz the Covered (level 7, -4/48 HPs)
             Began as a Halfling Fighter on Jan 8, 2021.
             Slain by Edmund
             ... wielding a +4 dire flail of protection
              (13 damage)
             ... on level 5 of the Dungeon.
             The game lasted 00:05:48 (4631 turns).

Borgoz the Covered (Halfling Fighter)               Turns: 4631, Time: 00:05:49

Health: -4/48      AC:  9    Str: 16 (17) XL:     7   Next: 96%
Magic:  7/7        EV:  9    Int:  5 (6)  God:
Gold:   245        SH: 10    Dex: 20 (22) Spells: 6/6 levels left

rFire    . . .     SeeInvis .   a - +0 long sword
rCold    . . .     Faith    .   c - +0 kite shield
rNeg     . . .     Spirit   .   b - +0 scale mail
rPois    .         Reflect  .   (no helmet)
rElec    .         Harm     .   r - +1 cloak
rCorr    .         Rampage  .   (no gloves)
Will     .....                  (no boots)
Stlth    ..........             (no amulet)
HPRegen  0.16/turn              (no ring)
MPRegen  0.10/turn              g - +6 ring of dexterity

@: no status effects
A: small, mutation resistance 1
a: no special abilities


You were on level 5 of the Dungeon.
You visited 1 branch of the dungeon, and saw 5 of its levels.

You collected 245 gold pieces.

Inventory:

Hand Weapons
 a - a +0 long sword (weapon)
Armour
 b - a +0 scale mail (worn)
 c - a +0 kite shield (worn)
 r - a +1 cloak (worn)
Jewellery
 g - a +6 ring of dexterity (right hand)
Scrolls
 e - 3 scrolls of teleportation
 j - a scroll of remove curse
 n - a scroll of fear
 s - a scroll of blinking
Potions
 m - 2 potions of flight
 p - a potion of brilliance
 q - a potion of cancellation


   Skills:
 + Level 4.0 Fighting
 * Level 5.0 Long Blades
 * Level 6.1 Armour
 + Level 4.8 Shields


You had 6 spell levels left.
You didn't know any spells.
Your spell library was empty.

Dungeon Overview and Level Annotations

Branches:
Dungeon (5/15)
 Temple: D:4-7

Altars:

Annotations:
D:5 Edmund


Innate Abilities, Weirdness & Mutations

You are small and have problems with some larger weapons.
You are somewhat resistant to further mutation.


Message History

Edmund is moderately wounded.
Edmund drinks a potion.
Edmund seems to grow stronger.
Your shield and scale mail prevent you from hitting Edmund.
Edmund is moderately wounded.
You block Edmund's attack. x2
You hit Edmund but do no damage.
Edmund is moderately wounded.
You block Edmund's attack.
You hit Edmund but do no damage.
Edmund is moderately wounded.
Edmund closely misses you.
You riposte.
You hit Edmund.
Edmund is moderately wounded.
You hit Edmund but do no damage.
Edmund is moderately wounded.
Edmund hits you with a +4 dire flail of protection.
* * * LOW HITPOINT WARNING * * *
You hit Edmund but do no damage.
Edmund is moderately wounded.
Edmund hits you with a +4 dire flail of protection!
You die...

#....###.......#
#..............#
#.............#
#.......<.)...#
#....(...#.####
###....#.#=#
####....#S..#
........#@#####
###.....#.@...#
..............#
#......)##....#
...$....##....#
........##....#
#..#..........#
...####.......#
## #.......#
#.....###


You could see Edmund (strong) and a ball python.

Vanquished Creatures
  Grinder (D:3)
  A big kobold (D:3)
  A scorpion (D:4)
  A gnoll shaman (D:4)
  2 orc wizards
  A worker ant (D:4)
  8 gnolls
  8 adders
  A shadow imp (D:5)
  An ooze (D:2)
  3 worms
  A dart slug (D:3)
  A leopard gecko (D:1)
  10 orcs
  5 bats
  6 giant cockroaches
  9 goblins
  9 hobgoblins
  18 jackals
  6 kobolds
  2 quokkas (D:4)
  2 ball pythons
  7 frilled lizards
  7 rats
111 creatures vanquished.

Vanquished Creatures (others)
  A plant (D:4)
1 creature vanquished.

Grand Total: 112 creatures vanquished

Notes
Turn   | Place    | Note
-------+----------+-------------------------------------------
     0 | D:1      | Borgoz the Halfling Fighter began the quest for the Orb.
     0 | D:1      | Reached XP level 1. HP: 15/15 MP: 1/1
   168 | D:1      | Reached XP level 2. HP: 19/20 MP: 2/2
   717 | D:1      | Reached XP level 3. HP: 19/25 MP: 3/3
  1036 | D:2      | Reached skill level 4 in Armour
  1390 | D:2      | Reached XP level 4. HP: 26/31 MP: 4/4
  1941 | D:2      | Reached XP level 5. HP: 24/36 MP: 5/5
  2754 | D:3      | Noticed a big kobold
  2777 | D:3      | Killed a big kobold
  2778 | D:3      | Reached XP level 6. HP: 41/42 MP: 6/6
  2928 | D:3      | Reached skill level 5 in Armour
  3037 | D:3      | Noticed Grinder
  3066 | D:3      | Paralysed by Grinder for 6 turns
  3072 | D:3      | Killed Grinder
  3073 | D:3      | Reached XP level 7. HP: 30/47 MP: 7/7
  3753 | D:4      | HP: 2/47 [gnoll/+0 halberd (4)]
  3779 | D:4      | HP: 2/47 [gnoll/+0 whip (4)]
  4085 | D:3      | Reached skill level 6 in Armour
  4088 | D:3      | Reached skill level 5 in Long Blades
  4290 | D:5      | Entered Level 5 of the Dungeon
  4590 | D:5      | Noticed Edmund
  4631 | D:5      | Slain by Edmund

Illustrated notes

Levels and vault maps discovered:
D:1:      dpeg_arrival_pond, layout_basic
D:2:      layout_basic, minmay_unequal
D:3:      layout_loops_ring, minmay_misc_feat_tiny, uniq_grinder
D:4:      lemuel_castle_with_subvaults [lemuel_castle_interior_original],
          layout_rooms, gammafunk_temple_overflow_pools, temple_statues,
          uniq_robin
D:5:      layout_basic, due_unseen_surprise, uniq_prince_ribbit1, uniq_edmund

Skill      XL: |  1  2  3  4  5  6  7 |
---------------+----------------------+-----
Fighting       | 3 4 |  4.0
Armour         | 4 5 6 |  6.1
Long Blades    | 3 4 5 |  5.0
Shields        | 4 |  4.8

Action                   |  1- 3 |  4- 6 |  7- 9 || total
-------------------------+-------+-------+-------++-------
Melee: Long sword        |    86 |   191 |   169 ||   446
  Use: Potion            |       |     5 |     2 ||     7
       Scroll            |       |     4 |     7 ||    11
Armor: Scale mail        |    39 |    80 |    71 ||   190
       Skin              |       |       |     8 ||     8
Dodge: Dodged            |    35 |    95 |    79 ||   209
Block: Kite shield       |    55 |   113 |   124 ||   292
       Rpst.: Long sword |     7 |    25 |    22 ||    54

Table legend: (Time is in decaauts)
 A = Elapsed time spent in this place.
 B = Non-inter-level travel time spent in this place.
 C = Inter-level travel time spent in this place.
 D = Time resting spent in this place.
 E = Time spent auto-exploring this place.
 F = Levels seen in this place.
 G = Mean time per level.
                   A        B        C        D        E       F      G
               +--------+--------+--------+--------+--------+-----+--------+
         Total |   4765 |   4694 |     71 |   1830 |   1879 |   5 |  953.0 |
       Dungeon |   4765 |   4694 |     71 |   1830 |   1879 |   5 |  953.0 |
               +--------+--------+--------+--------+--------+-----+--------+

Top non-repeatable levels by time:
     D:2: 1496 daAuts
     D:3: 1493 daAuts
     D:1: 1027 daAuts
     D:4: 400 daAuts
     D:5: 347 daAuts
